Build Orders - Match 35177995 - cohdb - Company of Heroes 3 Replays
cohdb
Replays
Latest Replays
All Replays
Popular Replays
Top Player Replays
Match Explorer
How It Works
Community
CoH3 Stats
Reddit
Sign in to upload your games and track your stats! →
Sign in with Steam
Match 35177995
Unlisted
Match 35177995
Overview
Messages
Build Orders
End
Kradschützen Motorcycle Team
Panzerpioneer Squad
250 Light Carrier
Construct Light Support Kompanie
Panzerjäger Squad
Combat Half-tracks
Fire Support Elements
Construct Mechanized Kompanie
Assault Mechanized Group
StuG III D Assault Gun
Vehicle Survival Package
Marder III Tank Destroyer
2.5-tonne Medical Truck
le.IG 18 Mechanized Group
Construct Panzerarmee Kommand
Emergency Repair Kits
Selects Armored Support Battlegroup
Selects Salvage Kits
Selects Panzer Storm
Armored Reserves
Selects Superior Fire Drills
vins88
尛傻瓜
幼稚也可爱
皮皮
Hades
zmalang52
Agent-S
AirborneP51
0
0
Comments
sign in to comment!
No comments posted yet!